 Dungeon Crawl Stone Soup version 0.28.0-53-g5a82cb258f (webtiles) character file.

Game seed: 13934194503316567546

4 yokelz the Insei (level 1, -1/15 HPs)
             Began as a Barachi Transmuter on Aug 6, 2022.
             Slain by a ball python (2 damage)
             ... on level 1 of the Dungeon.
             The game lasted 00:00:42 (158 turns).

yokelz the Insei (Barachi Transmuter)                Turns: 158, Time: 00:00:42

Health: -1/15      AC:  2    Str: 11    XL:     1   Next: 70%
Magic:  2/3        EV: 12    Int: 13    God:
Gold:   12         SH:  0    Dex: 12    Spells: 3/4 levels left

rFire   . . .      SeeInvis .     - Unarmed
rCold   . . .      Faith    .   (no shield)
rNeg    . . .      Spirit   .   a - +0 robe
rPois   .          Reflect  .   (no helmet)
rElec   .          Harm     .   (no cloak)
rCorr   .          Rampage  .   (no gloves)
Will    .....                   (no boots)
Stlth   +.........              (no amulet)
HPRegen 0.05/turn               (no ring)
MPRegen 0.08/turn               (no ring)

@: slow
A: amphibious, slowness 1, strong legs 1, +LOS
a: Hop


You were on level 1 of the Dungeon.
You visited 1 branch of the dungeon, and saw 2 of its levels.

You collected 12 gold pieces.

Inventory:

Armour
 a - a +0 robe (worn)
 d - a +0 ring mail of cold resistance
Scrolls
 b - a scroll of fear {unknown}
 c - a scroll of vulnerability {unknown}
 e - a scroll of identify {unknown}


   Skills:
 - Level 1.2 Fighting
 - Level 2.1 Dodging
 - Level 3.2 Unarmed Combat
 - Level 2.1 Spellcasting
 + Level 2.7 Transmutations


You had 3 spell levels left.
You knew the following spells:

 Your Spells              Type           Power      Damage    Failure   Level
a - Beastly Appendage     Tmut           16%        N/A       9%          1

Your spell library contained the following spells:

 Spells                   Type           Power      Damage    Failure   Level
 Wereblood                Tmut           8%         N/A       12%         2
 Spider Form              Tmut/Pois      4%         N/A       38%         3
 Ice Form                 Ice/Tmut       4%         N/A       80%         4


Dungeon Overview and Level Annotations

Branches:
Dungeon (2/15)

Altars:


Innate Abilities, Weirdness & Mutations

You are amphibious.
You cover ground slowly.
You can hop short distances.
You have an extended range of vision and can be seen from far away.


Message History

Found a stone staircase leading down.
There is a stone staircase leading down here.
There are monsters nearby!
Casting: Beastly Appendage (safe; 9% risk of failure)
Press: ? - help, Q - select action, (/) - cycle Dir - look around, f - activate You miscast Beastly Appendage.
You are very lightly contaminated with residual magic.
Nothing appears to happen.
The hobgoblin shouts!
You hear an angry hiss.
A ball python comes into view.
You hit the ball python.
The ball python is moderately wounded.
The ball python closely misses you. The ball python grabs you.
The ball python constricts you.
You hit the ball python.
You kill the ball python!
An endoplasm comes into view.
The endoplasm quivers.
There is a stone staircase leading down, spattered with blood here.
You barely miss the hobgoblin. The hobgoblin hits you.
You hit the hobgoblin.
The hobgoblin is heavily wounded.
The hobgoblin hits you.
You hit the hobgoblin.
The hobgoblin is almost dead.
The ball python bites you. The ball python misses you.
The hobgoblin closely misses you.
The hobgoblin hits you but does no damage.
You closely miss the hobgoblin.
The hobgoblin is almost dead.
The ball python bites you. The ball python grabs you.
The ball python constricts you. The hobgoblin hits you. x2
* * * LOW HITPOINT WARNING * * *
Your magical contamination has completely faded away.
You escape the ball python's grasp.
The hobgoblin hits you.
* * * LOW HITPOINT WARNING * * *
There is a stone staircase leading down here.
The ball python bites you.
You die...

....##.# .......#
#########........
#................
#...........?....
#...............#
#......?........#
#......Sgg.......
#...g...@.J.....#
#...............#
#.........#######
#.........#
###########


You could see an endoplasm, 2 hobgoblins, a goblin and a ball python.

Vanquished Creatures
  A dart slug (D:1)
  A ball python (D:1)
  2 rats
4 creatures vanquished.

Notes
Turn   | Place    | Note
-------+----------+-------------------------------------------
     0 | D:1      | yokelz the Barachi Transmuter began the quest for the Orb.
     0 | D:1      | Reached XP level 1. HP: 15/15 MP: 3/3
   119 | D:1      | You fall into a shaft and drop 1 floor!
   158 | D:1      | Slain by a ball python

Illustrated notes

Levels and vault maps discovered:
D:1:      shiori_arrival_maze, layout_rooms, minivault_5, minmay_misc_feat_chi,
          minmay_misc_feat_hallway, serial_park_tiny_2,
          minmay_misc_feat_secret_circle
D:2:      layout_rooms, serial_shops, shop, basic_altar,
          minmay_randomly_rotated_circles

Action                   || total
-------------------------++-------
Melee: Unarmed           ||     9
       Kick              ||     2
       Headbutt          ||     1
       Punch             ||     1
 Cast: Beastly Appendage ||     3
Armor: Robe              ||     1
Dodge: Dodged            ||     3
